 Dungeon Crawl Stone Soup version 0.25-a0-166-g16436c4407 (webtiles) character file.

Game seed: 6645700097898622430, levelgen mode: deterministic

51457 D1HalberdGnoll the Warrior (level 15, -12/103 HPs)
             Began as a Kobold Artificer on Nov 23, 2019.
             Was the Champion of Nemelex Xobeh.
             Mangled by a red ugly thing (20 damage)
             ... on level 12 of the Dungeon on Nov 24, 2019.
             The game lasted 01:03:33 (24261 turns).

D1HalberdGnoll the Warrior (Kobold Artificer)      Turns: 24261, Time: 01:03:34

Health: -12/103    AC: 21    Str: 17    XL:     15   Next: 2%
Magic:  24/24      EV: 13    Int: 12    God:    Nemelex Xobeh [******]
Gold:   1677       SH:  0    Dex: 15    Spells: 14/14 levels left

rFire    . . .     SeeInvis .   r - +8 trident of the Octopus King {venom, rElec rPois MR+}
rCold    + . .     Gourm    .   (shield currently unavailable)
rNeg     . . .     Faith    .   B - +1 plate armour {rC+}
rPois    +         Spirit   .   p - +0 helmet
rElec    +         Reflect  .   h - scarf {repulsion}
rCorr    .         Harm     .   (no gloves)
MR       ++...                  b - +0 pair of boots
Stlth    ..........             v - amulet of regeneration
HPRegen  0.67/turn              H - ring of poison resistance
MPRegen  0.19/turn              T - +3 ring of protection

@: studying Shields, repel missiles
A: small, carnivore
a: Draw Escape, Draw Destruction, Draw Summoning, Triple Draw, Deal Four, Stack
Five, Renounce Religion


You were on level 12 of the Dungeon.
You worshipped Nemelex Xobeh.
Nemelex Xobeh was exalted by your worship.
You were not hungry.

You visited 2 branches of the dungeon, and saw 18 of its levels.
You also visited: Bailey and Ice Cave.

You collected 1809 gold pieces.
You spent 132 gold pieces at shops.

Inventory:

Hand Weapons
 r - the +8 trident of the Octopus King (weapon) {venom, rElec rPois MR+}
   (You found it on level 5 of the Lair of Beasts)

   It poisons the flesh of those it strikes.
   It insulates you from electricity.
   It protects you from poison.
   It affects your resistance to hostile enchantments.
 K - the +5 war axe of Disgust {chop, rN+ MR+ Int+4 Dex-2}
   (You found it on level 6 of the Lair of Beasts)

   It inflicts extra damage upon your enemies.
   It affects your intelligence (+4).
   It affects your dexterity (-2).
   It protects you from negative energy.
   It affects your resistance to hostile enchantments.
Missiles
 x - 4 throwing nets (quivered)
Armour
 b - a +0 pair of boots (worn)
 h - a scarf of repulsion (worn)
 p - a +0 helmet (worn)
 B - a +1 plate armour of cold resistance (worn)
Jewellery
 j - a cursed amulet of inaccuracy {unknown}
 u - a +3 ring of slaying {unknown}
 v - an amulet of regeneration (around neck)
 y - an uncursed ring of protection from magic
 G - an uncursed ring of protection from cold
 H - a ring of poison resistance (left hand)
 J - an uncursed ring of protection from cold
 N - a cursed ring of attention {unknown}
 O - an uncursed ring of wizardry {unknown}
 Q - a +2 amulet of reflection {unknown}
 T - a +3 ring of protection (right hand)
Wands
 a - a wand of flame (37)
 c - a wand of digging (3)
 d - a wand of polymorph (5)
 e - a wand of random effects (1)
 q - a wand of iceblast (16)
 L - a wand of disintegration (15)
 M - a wand of acid (7)
Scrolls
 g - 6 scrolls of amnesia
 k - 3 scrolls of enchant armour
 n - 12 scrolls of remove curse
 o - a scroll of magic mapping
 s - 3 scrolls of teleportation
 D - a scroll of fog
 P - 4 scrolls of enchant weapon
 S - 3 scrolls of identify
 U - 2 scrolls of fear
Potions
 i - 2 potions of brilliance {unknown}
 l - a potion of agility {unknown}
 m - 6 potions of cancellation
 t - 2 potions of lignification {unknown}
 w - 6 potions of curing
 z - 4 potions of flight {unknown}
 A - 4 potions of berserk rage
 C - 3 potions of ambrosia {unknown}
 E - 2 potions of magic {unknown}
 F - 3 potions of haste {unknown}
 I - 3 potions of might {unknown}
Books
 R - a manual of Shields
Comestibles
 f - 42 rations


   Skills:
 + Level 15.3 Fighting
   Level 1.3 Short Blades
 - Level 10.0 Armour
 - Level 10.0 Dodging
 - Level 10.0 Stealth
 - Level 10.0 Invocations
 - Level 12.0 Evocations


You had 14 spell levels left.
You didn't know any spells.
Your spell library contained the following spells:

 Spells                   Type           Power        Failure   Level  Hunger
 Animate Skeleton         Necr           N/A          100%        1    ##.....
 Apportation              Tloc           #.....       100%        1    ##.....
 Confusing Touch          Hex            #.....       100%        1    ##.....
 Corona                   Hex            #......      100%        1    ##.....
 Magic Dart               Conj           #...         100%        1    ##.....
 Pain                     Necr           #...         100%        1    ##.....
 Shock                    Conj/Air       #...         100%        1    ##.....
 Summon Small Mammal      Summ           #...         100%        1    ##.....
 Ensorcelled Hibernation  Hex/Ice        #.....       100%        2    ###....
 Searing Ray              Conj           #.....       100%        2    ###....
 Sublimation of Blood     Necr           #.........   100%        2    ###....
 Swiftness                Chrm/Air       #.......     100%        2    ###....
 Confuse                  Hex            #.......     100%        3    ####...
 Dazzling Spray           Conj/Hex       #.....       100%        3    ####...
 Ignite Poison            Fire/Tmut/Pois #.......     100%        3    ####...
 Regeneration             Chrm/Necr      #.........   100%        3    ####...
 Static Discharge         Conj/Air       #.......     100%        3    ####...
 Tukima's Dance           Hex            #.......     100%        3    ####...
 Vampiric Draining        Necr           #.........   100%        3    ####...
 Airstrike                Air            #.........   100%        4    #####..
 Animate Dead             Necr           N/A          100%        4    #####..
 Force Lance              Conj/Tloc      #.......     100%        4    #####..
 Fulminant Prism          Conj/Hex       #.........   100%        4    #####..
 Iskenderun's Mystic Bla  Conj           #.......     100%        4    #####..
 Petrify                  Tmut/Erth      #.......     100%        4    #####..
 Alistair's Intoxication  Tmut/Pois      #.......     100%        5    ######.
 Irradiate                Conj/Tmut      #.........   100%        5    ######.
 Lightning Bolt           Conj/Air       #.........   100%        5    ######.


Dungeon Overview and Level Annotations

Branches:
Dungeon (12/15)            Temple (0/1) D:4            Lair (6/6) D:10
  Swamp (0/4) Lair:2        Snake (0/4) Lair:2        Slime (0/5) Lair:6
    Orc (0/2) D:11         Bailey (visited)           IceCv (visited)

Altars:
Cheibriados
Dithmenos
Fedhas
Gozag
Hepliaklqana
Kikubaaqudgha
Makhleb
Nemelex Xobeh
Ru
Sif Muna
Wu Jian
Xom
Yredelemnul
Zin
The Shining One
Beogh

Shops:
D:7 !

Annotations:
D:4 1 runed translucent door, stillor's ghost, amateur GrMo
D:12 Azrael


Innate Abilities, Weirdness & Mutations

You are small and have problems with some larger weapons.
You are carnivorous and can eat meat at any time.


Message History

The hell hound barely misses you.
Azrael hits you with a +4 scimitar of flaming.
* * * LOW HITPOINT WARNING * * *
Azrael burns you.
* * * LOW HITPOINT WARNING * * *
Your centaur hits Azrael but does no damage.
The fire elemental hits you. The fire elemental burns you!
* * * LOW HITPOINT WARNING * * *
The red ugly thing gores you!
* * * LOW HITPOINT WARNING * * *
You are engulfed in flames!!
* * * LOW HITPOINT WARNING * * *
Your centaur barely misses Azrael.
Azrael hits your centaur with a +4 scimitar of flaming.
Azrael burns your centaur. The hell hound barely misses you.
Your centaur barely misses Azrael.
The red ugly thing gores you!
* * * LOW HITPOINT WARNING * * *
You are engulfed in flames!!
You die...
Your body glows with a rainbow of weird colours and disappears.

#####.###...#.#.#.#.# #
#.............###...#
(.#...................#
J)'..........#...###..#
#...................#
#○°...5..##+###..>..#
#REE.# #.....# #chu.#.#
#..)..# #)@..'.#
#.....# #....###
#.###.# #.##.# #.###.#
#....# #.....#
######....# #.....#
#.........# #.##..#
#...#.....######.....#
#...#................#
#.........#.....#....#


You could see Azrael, a red ugly thing, 2 fire elementals, a hell hound, a
crimson imp and a friendly centaur.

Vanquished Creatures
  3 ice dragons
  2 catoblepae
  3 hydras
  A two-headed ogre (D:11)
  4 death yaks
  An unseen horror (D:12)
  A manticore (D:12)
  A cyclops (D:11)
  6 elephants (Lair:4)
  5 black mambas
  2 ice statues (IceCv)
  3 torpor snails
  3 gargoyles
  4 komodo dragons
  Psyche (D:8)
  6 spiny frogs
  4 rime drakes
  2 trolls
  A jumping spider (Lair:5)
  A steam dragon (D:7)
  17 blink frogs
  A hornet (Lair:5)
  7 slime creatures
  Prince Ribbit (D:7)
  2 dream sheep (Lair:5)
  3 hippogriffs
  A shadow (D:12)
  2 wyverns
  2 wraiths (D:11)
  24 yaks
  2 basilisks
  2 fire elementals (D:11)
  3 swamp worms
  A warg (Lair:5)
  A naga (Lair:5)
  A hell hound (D:11)
  14 water moccasins
  8 porcupines
  A hornet zombie (D:5)
  2 black bears
  2 phantoms (D:5)
  18 ice beasts
  A swamp drake (D:4)
  16 orc warriors
  4 sky beasts
  4 ogres
  24 wolves
  11 centaurs
  11 crocodiles
  11 big kobolds
  2 gnoll sergeants (D:7)
  9 bullfrogs
  A water moccasin zombie (D:7)
  2 scorpions
  4 killer bees (D:11)
  4 electric eels
  3 crimson imps
  2 gnoll shamans
  A jelly (D:6)
  A centaur skeleton (D:4)
  3 bullfrog skeletons
  6 hounds
  8 orc priests
  11 orc wizards
  5 iguanas
  Ijyb (D:5)
  9 worker ants
  A hound zombie (D:11)
  A hound skeleton (D:4)
  10 adders
  17 gnolls
  A river rat (Lair:6)
  A shadow imp (D:10)
  An adder zombie (D:9)
  An adder skeleton (D:9)
  2 worms
  4 dart slugs
  2 leopard geckos
  60 orcs
  6 giant cockroaches
  6 goblins
  4 hobgoblins
  3 jackals (D:4)
  6 quokkas
  5 ball pythons
  10 bats
  5 frilled lizards
  A giant cockroach zombie (D:5)
  A jackal zombie (D:7)
  21 kobolds
  A leopard gecko zombie (D:5)
  A quokka skeleton (D:5)
  A quokka zombie (D:9)
  6 rats
  2 fungi (Lair:4)
  4 plants
507 creatures vanquished.

Vanquished Creatures (collateral kills)
  Josephine (D:11)
  A hydra (Lair:2)
  A catoblepas (Lair:6)
  A deep troll shaman (Lair:6)
  A death yak (Lair:6)
  A lindwurm (Lair:6)
  A cyclops (Lair:5)
  4 elephants
  A black mamba (Lair:4)
  A kobold demonologist (D:10)
  2 komodo dragons
  A polar bear (Lair:6)
  A slime creature (D:12)
  8 blink frogs
  A wraith (D:11)
  2 yaks (Lair:4)
  An ice beast (D:8)
  An orc warrior (D:8)
  A black bear (Lair:6)
  2 crocodiles (Lair:6)
  5 big kobolds (D:10)
  A gnoll sergeant (D:7)
  5 killer bees (D:9)
  2 gnoll shamans (D:7)
  5 orc priests
  4 hounds (D:7)
  2 orc wizards
  A worker ant (D:6)
  An adder (D:3)
  17 gnolls
  A leopard gecko (D:8)
  7 orcs
  A jackal (D:7)
  3 kobolds (D:10)
  A fungus (Lair:6)
  A plant (Lair:6)
90 creatures vanquished.

Vanquished Creatures (others)
  A bullfrog (D:8)
  2 gnoll sergeants
  2 scorpions
  A jelly (D:5)
  A hound (D:7)
  A worker ant (D:5)
  2 gnolls
  2 ball lightnings
  An orc (D:12)
  A quokka zombie (D:9)
  A bush (Lair:3)
  11 fungi
  6 plants
32 creatures vanquished.

Grand Total: 629 creatures vanquished

Notes
Turn   | Place    | Note
-------+----------+-------------------------------------------
     0 | D:1      | D1HalberdGnoll the Kobold Artificer began the quest for the
                  | Orb.
     0 | D:1      | Reached XP level 1. HP: 12/12 MP: 3/3
   402 | D:1      | You fall into a shaft and drop 1 floor!
   420 | D:2      | Reached XP level 2. HP: 13/16 MP: 4/4
   541 | D:2      | Reached XP level 3. HP: 10/20 MP: 5/5
   754 | D:2      | Found a hazy altar of Hepliaklqana.
   795 | D:2      | Found an ornate altar of the Wu Jian Council.
   795 | D:2      | Found a sparkling altar of Nemelex Xobeh.
   800 | D:2      | Became a worshipper of Nemelex Xobeh the Trickster
   910 | D:2      | Received a gift from Nemelex Xobeh
  1308 | D:1      | Reached XP level 4. HP: 26/26 MP: 7/7
  1344 | D:1      | Reached skill level 2 in Fighting
  1352 | D:1      | Reached * piety under Nemelex Xobeh
  1670 | D:2      | Found a shimmering altar of Xom.
  2206 | D:3      | Found a roughly hewn altar of Beogh.
  2219 | D:3      | Reached XP level 5. HP: 5/30 MP: 8/8
  2515 | D:3      | Found an ancient bone altar of Kikubaaqudgha.
  2642 | D:3      | Received a gift from Nemelex Xobeh
  2753 | D:3      | Found a blossoming altar of Fedhas.
  3251 | D:4      | Reached skill level 5 in Stealth
  3251 | D:4      | Reached XP level 6. HP: 36/36 MP: 9/9
  3292 | D:4      | Reached skill level 3 in Fighting
  3471 | D:4      | Reached ** piety under Nemelex Xobeh
  3516 | D:4      | Reached skill level 5 in Evocations
  3516 | D:4      | Reached XP level 7. HP: 25/41 MP: 10/10
  3755 | D:4      | Received a gift from Nemelex Xobeh
  3773 | D:4      | Found a staircase to the Ecumenical Temple.
  3921 | D:4      | Found a runed translucent door.
  3922 | D:4      | Noticed stillor's ghost (amateur GrMo)
  4115 | D:4      | Found a basalt altar of Yredelemnul.
  4116 | D:4      | Found a shimmering blue altar of Sif Muna.
  4128 | D:4      | Found a snail-covered altar of Cheibriados.
  4147 | D:4      | Found a burning altar of Makhleb.
  4147 | D:4      | Noticed a cacodemon
  4250 | D:5      | Entered Level 5 of the Dungeon
  4269 | D:5      | Reached skill level 4 in Fighting
  4269 | D:5      | Reached skill level 5 in Dodging
  4282 | D:5      | Reached XP level 8. HP: 33/48 MP: 12/12
  4676 | D:5      | Received a gift from Nemelex Xobeh
  4681 | D:5      | Found a sacrificial altar of Ru.
  4691 | D:5      | Noticed Ijyb
  4720 | D:5      | Killed Ijyb
  4720 | D:5      | Reached skill level 1 in Armour
  5778 | D:5      | Found a glowing golden altar of the Shining One.
  5820 | D:6      | Reached *** piety under Nemelex Xobeh
  6127 | D:5      | Reached XP level 9. HP: 24/53 MP: 13/13
  6476 | D:5      | Reached skill level 5 in Fighting
  6989 | D:6      | Got a heavily runed leather armour
  7001 | D:6      | Found an opulent altar of Gozag.
  7002 | D:6      | Found a glowing silver altar of Zin.
  7829 | D:7      | Noticed Prince Ribbit
  7908 | D:7      | You fall into a shaft and drop 3 floors!
  7908 | D:10     | Entered Level 10 of the Dungeon
  7928 | D:10     | Reached skill level 10 in Stealth
  7944 | D:10     | Identified the +0 leather armour "Woiny" {*Corrode Str-3
                  | Dex+9 Stlth+} (You found it on level 6 of the Dungeon)
  8189 | D:7      | Received a gift from Nemelex Xobeh
  8404 | D:7      | Killed Prince Ribbit
  8404 | D:7      | Reached skill level 6 in Fighting
  8619 | D:7      | Reached skill level 5 in Armour
  8643 | D:7      | Killed a steam dragon
  8643 | D:7      | Reached XP level 10. HP: 61/61 MP: 14/16
  8818 | D:7      | Found Peuqihum's Distillery.
  8903 | D:7      | Bought 2 potions of heal wounds for 120 gold pieces
  8903 | D:7      | Bought a potion of degeneration for 12 gold pieces
  8966 | D:7      | Reached **** piety under Nemelex Xobeh
  8979 | D:7      | Reached skill level 7 in Fighting
  9321 | D:8      | Noticed Psyche
  9336 | D:8      | Killed Psyche
  9638 | D:8      | Received a gift from Nemelex Xobeh
  9638 | D:8      | Found a shadowy altar of Dithmenos.
 10180 | D:9      | Reached skill level 8 in Fighting
 10560 | D:9      | Received a gift from Nemelex Xobeh
 10595 | D:9      | HP: 1/64 [hippogriff (5)]
 11111 | D:9      | Identified a scroll of acquirement
 11112 | D:9      | Got a jewelled quarterstaff
 11113 | D:9      | Identified the +9 quarterstaff of the Hand {venom, rC+
                  | Int+3} (You acquired it on level 9 of the Dungeon)
 11263 | D:10     | Noticed a kobold demonologist
 11264 | D:10     | Reached skill level 10 in Evocations
 11265 | D:10     | Reached XP level 11. HP: 69/69 MP: 18/18
 11338 | D:10     | Reached skill level 9 in Fighting
 11395 | D:10     | Received a gift from Nemelex Xobeh
 11867 | D:10     | Found a staircase to the Lair.
 11952 | D:10     | Reached ***** piety under Nemelex Xobeh
 12028 | Lair:1   | Entered Level 1 of the Lair of Beasts
 12084 | Lair:1   | Received a gift from Nemelex Xobeh
 12305 | Lair:1   | HP: 2/71 [black mamba (9)]
 12308 | Lair:1   | Reached skill level 1 in Invocations
 13326 | Lair:1   | Reached skill level 10 in Fighting
 13525 | Lair:2   | Received a gift from Nemelex Xobeh
 13815 | Lair:2   | Reached XP level 12. HP: 29/77 MP: 20/20
 13948 | Lair:2   | Found a staircase to the Snake Pit.
 14007 | Lair:2   | Noticed a six-headed hydra
 14014 | Lair:2   | Killed a six-headed hydra
 14226 | Lair:2   | Found a staircase to the Swamp.
 14255 | Lair:2   | Received a gift from Nemelex Xobeh
 14642 | Lair:3   | Reached skill level 10 in Dodging
 14926 | Lair:3   | Received a gift from Nemelex Xobeh
 14993 | Lair:3   | Reached skill level 5 in Invocations
 15275 | Lair:3   | Reached skill level 11 in Fighting
 15430 | Lair:3   | Received a gift from Nemelex Xobeh
 15764 | Lair:3   | Reached ****** piety under Nemelex Xobeh
 15971 | Lair:4   | Noticed a catoblepas
 16278 | Lair:4   | Received a gift from Nemelex Xobeh
 16543 | Lair:4   | Killed a catoblepas
 16675 | Lair:4   | Reached XP level 13. HP: 58/85 MP: 22/22
 16772 | Lair:4   | Received a gift from Nemelex Xobeh
 16808 | Lair:4   | Noticed a six-headed hydra
 16826 | Lair:4   | Noticed an ice dragon
 16826 | Lair:4   | a six-headed hydra changed into an ice dragon
 16976 | Lair:4   | Killed an ice dragon
 16976 | Lair:4   | Reached skill level 12 in Fighting
 17562 | Lair:5   | Found the +8 trident of the Octopus King {venom, rElec
                  | rPois MR+}
 17693 | Lair:5   | Noticed a catoblepas
 17724 | Lair:5   | Killed a catoblepas
 18127 | Lair:5   | Received a gift from Nemelex Xobeh
 18555 | Lair:5   | Noticed a four-headed hydra
 18565 | Lair:5   | Killed a four-headed hydra
 18758 | Lair:5   | Noticed an eight-headed hydra
 18769 | Lair:5   | Killed an eight-headed hydra
 18928 | Lair:5   | Received a gift from Nemelex Xobeh
 19102 | Lair:6   | Entered Level 6 of the Lair of Beasts
 19192 | Lair:6   | Received a gift from Nemelex Xobeh
 19230 | Lair:6   | Reached skill level 13 in Fighting
 19517 | Lair:6   | Found a frozen archway.
 19520 | Lair:6   | Received a gift from Nemelex Xobeh
 19532 | Lair:6   | Reached XP level 14. HP: 85/94 MP: 23/23
 19562 | IceCv    | Entered an ice cave
 19878 | IceCv    | Reached skill level 10 in Invocations
 20030 | IceCv    | Got a vibrating glass ring
 20060 | IceCv    | Identified the ring "Diskiuhu" {rPois rC+ Dex-2 Stlth+}
                  | (You found it in an ice cave)
 20301 | Lair:6   | Received a gift from Nemelex Xobeh
 20484 | Lair:6   | Received a gift from Nemelex Xobeh
 20698 | Lair:6   | Found a staircase to the Slime Pits.
 21048 | Lair:6   | Reached skill level 14 in Fighting
 21489 | Lair:6   | Got an ancient war axe
 21564 | Lair:6   | Received a gift from Nemelex Xobeh
 21762 | D:11     | Identified the +5 war axe of Disgust {chop, rN+ MR+ Int+4
                  | Dex-2} (You found it on level 6 of the Lair of Beasts)
 21820 | D:11     | Found a flagged portal.
 21859 | Bailey   | Entered a bailey
 22614 | D:11     | Got a blackened trident
 22615 | D:11     | Identified the +7 trident "Tehegiomn" {pierce, Int+5} (You
                  | found it on level 11 of the Dungeon)
 22813 | D:11     | Received a gift from Nemelex Xobeh
 22918 | D:11     | Found a staircase to the Orcish Mines.
 23059 | D:11     | Noticed Josephine
 23074 | D:11     | Killed Josephine
 23201 | D:11     | Reached skill level 10 in Armour
 23777 | D:12     | Reached skill level 15 in Fighting
 24060 | D:12     | Received a gift from Nemelex Xobeh
 24218 | D:11     | Reached XP level 15. HP: 103/103 MP: 24/24
 24250 | D:12     | Noticed Azrael
 24261 | D:12     | Mangled by a red ugly thing

Levels and vault maps discovered:
D:1:      minmay_arrival_open_corners, layout_basic
D:2:      layout_loops_ring, overflow_temple_1_default,
          lemuel_coloured_pillars_altar, gammafunk_temple_overflow_wave,
          wad_floor_pattern_untrapped
D:3:      layout_basic, fedhas_altar_fruit_tree, lemuel_crystal_altar,
          kennysheep_orc_chapel
D:4:      layout_cave_pools, makhleb_altar_promises_db, kennysheep_slug_shrine,
          gammafunk_temple_overflow_statue, minmay_temple_entry_nine_rooms,
          gammafunk_ghost_grave
D:5:      layout_basic, basic_altar, first_ration, tso_altar, uniq_ijyb
D:6:      layout_rooms, grunt_temple_overflow_gold_and_silver
D:7:      layout_cave_pools, serial_gnoll_camp, gnoll_camp_mini_hut,
          gnoll_camp_medium_01, gnoll_camp_mini_house, gnoll_camp_huts_moat,
          serial_shops, shop, uniq_prince_ribbit1
D:8:      layout_rooms, nicolae_dithmenos_shadow_blocks, grunt_pizzeria,
          kennysheep_generic_room_3, uniq_psyche
D:9:      layout_loops_corners, worms_lemuel
D:10:     layout_basic, lair_entry_dummy, special_room [special_room_kobold]
D:11:     layout_roguey, erik_orc_3, enter_bailey_1, serial_bayou_crossing,
          uniq_josephine
D:12:     minmay_bloctagon_deflated, layout_stronghold,
          minmay_misc_feat_more_columns, uniq_azrael
Lair:1:   layout_concentric_octagons, st_stairs_12, beast_lair_carwin_9
Lair:2:   layout_roguey, swamp_mist, dummy_snake_entry
Lair:3:   layout_regular_city, infiniplex_staircase_pool, serial_bayou_shore_b,
          grunt_megastairs_1, lemuel_fruit_tree
Lair:4:   layout_regular_city, minivault_27, st_stairs_9, lemuel_fruit_fields
Lair:5:   layout_gridlike, nicolae_quartered_pool_medium,
          nicolae_lair_yak_garden
Lair:6:   grunt_lair_end_beastmaster, layout_regular_city,
          minmay_slime_entry_pillars, portal_ice_cave_entry_pillars_1

Skill      XL: |  1  2  3  4  5  6  7  8  9 10 11 12 13 14 |
---------------+-------------------------------------------+-----
Stealth        | 2 3 4 5 6 7 9 10 | 10.0
Evocations     | 4 5 6 8 10 11 12 | 12.0
Dodging        | 3 4 5 7 9 10 | 10.0
Fighting       | 2 3 4 6 8 10 11 13 15 | 15.3
Armour         | 2 5 6 8 10 | 10.0
Invocations    | 3 7 9 10 | 10.0
Short Blades   | |  1.3

Action                   |  1- 3 |  4- 6 |  7- 9 | 10-12 | 13-15 || total
-------------------------+-------+-------+-------+-------+-------++-------
Melee: Short sword       |    82 |    22 |       |       |       ||   104
       Dagger            |       |    22 |       |       |       ||    22
       Hand axe          |       |    78 |   315 |   267 |       ||   660
       Quarterstaff      |       |       |       |   405 |    69 ||   474
       Trident           |       |       |       |       |   862 ||   862
Throw: Dart              |       |    15 |    19 |       |       ||    34
       Throwing net      |       |       |       |     2 |     2 ||     4
 Abil: Draw Destruction  |       |     3 |    18 |    19 |    42 ||    82
       Draw Summoning    |       |     1 |     6 |     6 |    18 ||    31
       Draw Escape       |       |       |       |     1 |     1 ||     2
Evoke: Wand              |     9 |       |    39 |    13 |     5 ||    66
  Use: Scroll            |       |       |    13 |    10 |    11 ||    34
       Potion            |       |       |     2 |     4 |     1 ||     7
 Stab: Sleeping          |     5 |     9 |     2 |       |       ||    16
       Petrified         |       |     9 |     2 |    10 |     6 ||    27
       Paralysed         |       |       |     6 |       |       ||     6
       Distracted        |       |       |     1 |       |     1 ||     2
       Held in net/web   |       |       |       |     1 |       ||     1
       Petrifying        |       |       |       |       |     1 ||     1
  Eat: Chunk             |     3 |     8 |    22 |    24 |    24 ||    81
Armor: Leather armour    |    15 |    28 |    34 |       |       ||    77
       Plate armour      |       |       |    90 |   567 |   697 ||  1354
Dodge: Dodged            |    69 |   117 |   307 |   460 |   695 ||  1648
       Deflected         |       |       |       |       |    26 ||    26

Table legend:
 A = Non-vault XP
 B = Vault XP
 C = Vault XP percentage of total XP
 D = Non-vault monster count
 E = Vault monster count
 F = Vault count percentage of total count
                 A         B        C        D         E       F
            +---------+---------+-------+---------+---------+-------
      Total |   48145 |   25365 |  34.5 |     403 |     193 |  32.4
            +---------+---------+-------+---------+---------+-------
        D:1 |      24 |       0 |   0.0 |      16 |       0 |   0.0
        D:2 |      82 |       0 |   0.0 |      22 |       0 |   0.0
        D:3 |      56 |      49 |  46.7 |      16 |       5 |  23.8
        D:4 |     742 |       4 |   0.5 |      25 |       1 |   3.8
        D:5 |     869 |      21 |   2.4 |      32 |       1 |   3.0
        D:6 |     685 |       0 |   0.0 |      22 |       0 |   0.0
        D:7 |     721 |     911 |  55.8 |      13 |      37 |  74.0
        D:8 |     718 |     633 |  46.9 |      19 |       3 |  13.6
        D:9 |    1358 |     340 |  20.0 |      24 |       2 |   7.7
       D:10 |    1832 |    1273 |  41.0 |      25 |      23 |  47.9
       D:11 |    4026 |    2794 |  41.0 |      27 |      25 |  48.1
       D:12 |    2307 |     794 |  25.6 |      16 |       2 |  11.1
     Lair:1 |    2281 |    1098 |  32.5 |      13 |       6 |  31.6
     Lair:2 |    3631 |       0 |   0.0 |      21 |       0 |   0.0
     Lair:3 |    6195 |     151 |   2.4 |      30 |       1 |   3.2
     Lair:4 |    8889 |     819 |   8.4 |      28 |       2 |   6.7
     Lair:5 |    7258 |    3161 |  30.3 |      29 |       8 |  21.6
     Lair:6 |    6471 |    6333 |  49.5 |      25 |      18 |  41.9
     Bailey |       0 |    2292 | 100.0 |       0 |      39 | 100.0
      IceCv |       0 |    4692 | 100.0 |       0 |      20 | 100.0
            +---------+---------+-------+---------+---------+-------
